 Dungeon Crawl Stone Soup version 0.30-a0-672-gc3a7216ad8 (webtiles) character file.

Game seed: 12298795662744571475

222 bande the Chopper (level 5, 0/47 HPs)
             Began as a Hill Orc Fighter on Jan 19, 2023.
             Succumbed to a scorpion's poison
             ... on level 5 of the Dungeon.
             The game lasted 00:03:52 (2435 turns).

bande the Chopper (Hill Orc Fighter)                Turns: 2435, Time: 00:03:53

Health: 0/47       AC:  7    Str: 19    XL:     5   Next: 99%
Magic:  5/5        EV:  9    Int:  8    God:
Gold:   176        SH:  4    Dex: 12    Spells: 4/4 levels left

rFire   . . .      SeeInvis .    a - +0 war axe
rCold   . . .      Faith    .    c - +0 buckler
rNeg    . . .      Spirit   .    b - +0 scale mail
rPois   .          Reflect  .    (no helmet)
rElec   .          Harm     .    (no cloak)
rCorr   .          Rampage  .    (no gloves)
Will    .....                    (no boots) Stlth
                                 (no amulet)
HPRegen 0.27/turn                (no ring)
MPRegen 0.09/turn                (no ring)

@: lethally poisoned (0 -> -2)
A: no striking features
a: no special abilities


You were on level 5 of the Dungeon.
You visited 1 branch of the dungeon, and saw 4 of its levels.

You collected 176 gold pieces.

Inventory:

Hand Weapons
 a - a +0 war axe (weapon)
Armour
 b - a +0 scale mail (worn)
 c - a +0 buckler (worn)
Jewellery
 k - a ring of magical power
Scrolls
 e - a scroll of torment {unknown}
 f - 3 scrolls of teleportation {unknown}
 g - 3 scrolls of fog {unknown}
 h - 4 scrolls of magic mapping {unknown}
 j - a scroll of immolation {unknown}
 l - a scroll of identify {unknown}
 n - a scroll of poison {unknown}
Potions
 d - a potion of might
 i - 4 potions of curing {unknown}
 m - a potion of mutation {unknown}


   Skills:
 + Level 4.6 Fighting
 + Level 5.6 Axes
 + Level 4.6 Armour
 + Level 3.7 Shields


You had 4 spell levels left.
You didn't know any spells.
Your spell library contained the following spells:

 Spells                   Type           Power      Damage    Failure   Level
 Magic Dart               Conj           0%         1d3       86%         1
 Sting                    Tmut/Pois      0%         1d3       86%         1
 Call Imp                 Summ           0%         N/A       94%         2
 Cigotuvi's Dreadful Rot  Necr/Pois/Air  0%         N/A       94%         2
 Poisonous Vapours        Pois/Air       0%         N/A       94%         2
 Mephitic Cloud           Conj/Pois/Air  0%         N/A       99%         3
 Olgreb's Toxic Radiance  Pois           0%         N/A       100%        4


Dungeon Overview and Level Annotations

Branches:
Dungeon (3/15)

Altars:

Shops:
D:1 !


Message History

The scorpion barely misses you.
Things that are here:
a +0 mace; an orc corpse You hit the scorpion.
The scorpion is moderately wounded.
You feel sick.
The scorpion stings you but does no damage.
The scorpion stings you.
* * * LOW HITPOINT WARNING * * *
You are more poisoned.
The scorpion poisons you!
You slash the scorpion!
The scorpion is severely wounded.
* * * LOW HITPOINT WARNING * * *
You feel very sick. The scorpion barely misses you.
You hit the scorpion.
The scorpion is almost dead.
* * * LOW HITPOINT WARNING * * *
You feel very sick. The scorpion barely misses you. The scorpion stings you.
* * * LOW HITPOINT WARNING * * *
You hit the scorpion but do no damage.
The scorpion is almost dead.
* * * LOW HITPOINT WARNING * * *
You feel sick.
The scorpion stings you but does no damage.
You hit the scorpion but do no damage.
The scorpion is almost dead.
* * * LOW HITPOINT WARNING * * *
You feel sick.
The scorpion stings you but does no damage. x2
You hit the scorpion but do no damage.
The scorpion is almost dead.
* * * LOW HITPOINT WARNING * * *
You feel sick. The scorpion stings you.
* * * LOW HITPOINT WARNING * * *
You slash the scorpion!
You kill the scorpion!
You die...

##### ...# ### .# #...
..##.####
##..####.......###
#.....##.#..##...#
#.##...#.##....!..#.#
#.....@........##...#
#.....))).$.#.# #.>#
####.#......#.###..#
#...............####
#.........######......
#.#..#...... #....##
#.##.##.....# #.##.##
# .. #..(..# #.##.##
### #.....# #.##.##


There were no monsters in sight!

Vanquished Creatures
  A phantom (D:5)
  A scorpion (D:5)
  2 orc priests (D:5)
  3 adders (D:2)
  2 worms (D:2)
  A dart slug (D:1)
  2 orcs (D:5)
  6 ball pythons
  6 endoplasms
  2 goblins
  2 hobgoblins
  9 jackals
  A quokka (D:2)
  4 bats
  4 frilled lizards
  4 kobolds
  3 rats
53 creatures vanquished.

Vanquished Creatures (others)
  2 fungi (D:1)
2 creatures vanquished.

Grand Total: 55 creatures vanquished

Notes
Turn   | Place    | Note
-------+----------+-------------------------------------------
     0 | D:1      | bande the Hill Orc Fighter began the quest for the Orb.
     0 | D:1      | Reached XP level 1. HP: 19/19 MP: 1/1
   302 | D:1      | Found Misk's Distillery.
   455 | D:1      | Reached XP level 2. HP: 23/27 MP: 2/2
  1074 | D:1      | Reached skill level 3 in Axes
  1074 | D:1      | Found a faded altar of an unknown god.
  1250 | D:2      | Reached XP level 3. HP: 26/33 MP: 3/3
  1782 | D:2      | Reached XP level 4. HP: 40/40 MP: 4/4
  1935 | D:2      | Reached skill level 4 in Axes
  2281 | D:3      | You fall into a shaft and drop 2 floors!
  2281 | D:5      | Entered Level 5 of the Dungeon
  2302 | D:5      | Noticed a phantom
  2313 | D:5      | Killed a phantom
  2314 | D:5      | Reached skill level 5 in Axes
  2314 | D:5      | Reached XP level 5. HP: 25/47 MP: 5/5
  2434 | D:5      | HP: 2/47 [poisoned by a scorpion]
  2435 | D:5      | Succumbed to a scorpion's poison

Illustrated notes

Levels and vault maps discovered:
D:1:      eino_arrival_druids_welcome, layout_loops_corners, serial_shops,
          shop_coins, shapermc_ecumenical_altar_hornbeckon
D:2:      layout_loops_cross
D:3:      layout_loops_cross, uniq_terence, uniq_natasha, uniq_ijyb
D:5:      layout_loops_cross, elyvilon_altar_5, nicolae_wormholes

Skill      XL: |  1  2  3  4 |
---------------+-------------+-----
Fighting       | 4 |  4.6
Axes           | 3 5 |  5.6
Armour         | 4 |  4.6
Shields        | |  3.7

Action                   |  1- 3 |  4- 6 || total
-------------------------+-------+-------++-------
Melee: War axe           |   108 |    58 ||   166
Armor: Scale mail        |    52 |    42 ||    94
Dodge: Dodged            |    49 |    24 ||    73
Block: Buckler           |    22 |    10 ||    32

Table legend: (Time is in decaauts)
 A = Elapsed time spent in this place.
 B = Non-inter-level travel time spent in this place.
 C = Inter-level travel time spent in this place.
 D = Time resting spent in this place.
 E = Time spent auto-exploring this place.
 F = Levels seen in this place.
 G = Mean time per level.
                   A        B        C        D        E       F      G
               +--------+--------+--------+--------+--------+-----+--------+
         Total |   2502 |   2478 |     24 |    231 |   1703 |   4 |  625.5 |
       Dungeon |   2502 |   2478 |     24 |    231 |   1703 |   4 |  625.5 |
               +--------+--------+--------+--------+--------+-----+--------+

Top non-repeatable levels by time:
     D:1: 1189 daAuts
     D:2: 1038 daAuts
     D:5: 159 daAuts
     D:3: 114 daAuts
